 Dungeon Crawl Stone Soup version 0.23.2-33-g5129a83184 (webtiles) character file.

Game seed: 14012519383182978527

130741 DildoBatman the Geomancer (level 17, -9/126 (128) HPs)
             Began as a Formicid Wizard on July 10, 2019.
             Was an Initiate of Gozag.
             Mangled by a moth of wrath (17 damage)
             ... on level 4 of the Spider Nest on July 11, 2019.
             The game lasted 02:08:05 (29409 turns).

DildoBatman the Geomancer (Formicid Wizard)        Turns: 29409, Time: 02:08:06

HP:   -9/126 (128)  AC: 14    Str: 12    XL:     17   Next: 65%
MP:   27/31         EV: 16    Int: 25    God:    Gozag
Gold: 4563          SH:  0    Dex: 12    Spells: 12/37 levels left

rFire    . . .     SeeInvis +   a - +5 pair of quick blades "Gyre" and "Gimble" {pierce, Dex-3}
rCold    + . .     Gourm    .   S - +0 shield
rNeg     . . .     Faith    .   o - +2 troll leather armour
rPois    +         Spirit   .   (helmet unavailable)
rElec    .         Reflect  .   y - +0 cloak
rCorr    .         Harm     .   B - +2 pair of gloves
MR       ++...                  V - +0 pair of boots
Stlth    +.........             r - amulet of regeneration
HPRegen  2.11/turn              D - ring of the Countless Stars {rC+ Dex+6 Slay+6}
MPRegen  0.22/turn              W - ring of poison resistance

@: confused, gold aura, regenerating (expiring)
A: permanent stasis, dig shafts and tunnels, four strong arms, antennae 3, claws
1, hooves 1, magic resistance 1
a: Dig, Shaft Self, Potion Petition, Call Merchant, Bribe Branch, Renounce
Religion


You were on level 4 of the Spider Nest.
You worshipped Gozag.
Gozag was most pleased with you.
You were not hungry.

You visited 5 branches of the dungeon, and saw 28 of its levels.
You also visited: Ice Cave.

You collected 6258 gold pieces.
You spent 1154 gold pieces at shops.
You paid 541 gold pieces to Gozag.

Inventory:

Hand Weapons
 a - the +5 pair of quick blades "Gyre" and "Gimble" (weapon) {pierce, Dex-3}
   (You found it on level 1 of the Lair of Beasts)

   It inflicts extra damage upon your enemies.
   It affects your dexterity (-3).
 e - the +7 rapier of Teqoyts {pierce, rF+}
   (You found it on level 6 of the Dungeon)

   It inflicts extra damage upon your enemies.
   It protects you from fire.
 f - the +0 halberd "Sumni" {chop, rElec}
   (You found it on level 2 of the Lair of Beasts)

   It inflicts extra damage upon your enemies.
   It insulates you from electricity.
 U - the +7 halberd "Beast's Funeral" {protect, Dex+5, unknown}
   (You found it on level 3 of the Spider Nest)

   It protects the one who uses it against injury (+AC on strike).
   It affects your dexterity (+5).
Missiles
 d - 57 arrows
 j - 54 sling bullets
 n - 20 poisoned needles
 z - 3 needles of sleeping
 E - 7 javelins of returning (quivered)
 F - 14 bolts
Armour
 o - a +2 troll leather armour (worn)
 y - a +0 cloak (worn)
 B - a +2 pair of gloves (worn)
 G - a scarf of cloud immunity
 S - a +0 shield (worn)
 V - a +0 pair of boots (worn)
Magical Staves
 q - an uncursed staff of wizardry
Jewellery
 b - an uncursed ring of positive energy
 m - an uncursed ring of resist corrosion
 r - an amulet of regeneration (around neck)
 D - the ring of the Countless Stars (left hand) {rC+ Dex+6 Slay+6}
   (You found it on level 6 of the Lair of Beasts)

   [ring of protection from cold]

   It affects your dexterity (+6).
   It affects your accuracy and damage with ranged weapons and melee attacks
   (+6).
   It protects you from cold.
 I - the ring "Qof Zihu" {+Inv rC++ rN+}
   (You found it on level 3 of the Spider Nest)

   [ring of positive energy]

   It greatly protects you from cold.
   It protects you from negative energy.
   It lets you turn invisible.
 K - an uncursed ring of ice
 W - a ring of poison resistance (right hand)
Wands
 k - a wand of scattershot (5)
 A - a wand of flame (104)
 M - a wand of iceblast (8)
 N - a wand of acid (44)
 O - a wand of disintegration (19)
 X - a wand of paralysis (12)
Scrolls
 p - a scroll of enchant armour
 s - 6 scrolls of identify
 t - 2 scrolls of enchant weapon
 x - 18 scrolls of remove curse
 C - 4 scrolls of magic mapping
 J - 5 scrolls of fear
 L - a scroll of torment {unknown}
 Q - 3 scrolls of fog
Potions
 c - 3 potions of magic
 g - 2 potions of cancellation
 h - 3 potions of invisibility
 u - 4 potions of ambrosia
 w - 5 potions of heal wounds
 H - 18 potions of curing
 P - 3 potions of brilliance
 R - 5 potions of might
 T - 3 potions of flight
 Y - 6 potions of agility
Miscellaneous
 i - a phial of floods
 l - a phantom mirror
Comestibles
 v - 21 rations


   Skills:
 - Level 10.0 Fighting
 - Level 7.7(8.0) Short Blades
   Level 3.0(5.7) Long Blades
   Level 5.1 Maces & Flails
 - Level 10.0 Armour
 - Level 8.1 Dodging
 - Level 6.0 Stealth
 - Level 9.0 Shields
 * Level 10.6 Spellcasting
 - Level 6.4 Conjurations
 - Level 6.0 Charms
   Level 1.0 Summonings
 * Level 11.0 Necromancy
   Level 0.8 Translocations
 - Level 4.1 Fire Magic
 - Level 6.0 Ice Magic
 - Level 4.0 Air Magic
 * Level 11.5 Earth Magic
 - Level 8.0 Poison Magic
 - Level 6.0 Evocations


You had 12 spell levels left.
You knew the following spells:

 Your Spells              Type           Power        Failure   Level  Hunger
a - Conjure Flame         Conj/Fire      #####...     1%          3    None
b - Borgnjor's Vile Clut  Necr/Erth      ######....   1%          5    ####...
c - Magic Dart            Conj           ####         1%          1    None
d - Regeneration          Chrm/Necr      ######....   1%          3    None
e - Mephitic Cloud        Conj/Pois/Air  #####...     1%          3    None
f - Ozocubu's Armour      Chrm/Ice       #####...     1%          3    None
h - Dispel Undead         Necr           ######..     1%          5    ####...
z - Sublimation of Blood  Necr           ######....   1%          2    None

Your spell library contained the following spells:

 Spells                   Type           Power        Failure   Level  Hunger
 Animate Skeleton         Necr           N/A          1%          1    None
 Flame Tongue             Conj/Fire      #####        1%          1    None
 Freeze                   Ice            ####         1%          1    None
 Pain                     Necr           ####         1%          1    None
 Corpse Rot               Necr           N/A          1%          2    None
 Searing Ray              Conj           #####.       1%          2    None
 Throw Flame              Conj/Fire      #####.       1%          2    None
 Throw Frost              Conj/Ice       #####.       1%          2    None
 Vampiric Draining        Necr           ######....   1%          3    None
 Animate Dead             Necr           N/A          1%          4    None
 Summon Butterflies       Summ           ###.....     3%          1    None
 Spider Form              Tmut/Pois      ####......   3%          3    None
 Apportation              Tloc           ###...       4%          1    None
 Dazzling Spray           Conj/Hex       ####..       4%          3    None
 Iskenderun's Mystic Bla  Conj           #####...     4%          4    None
 Throw Icicle             Conj/Ice       #####...     4%          4    None
 Call Imp                 Summ           ###.....     5%          2    None
 Leda's Liquefaction      Hex/Erth       #####.....   5%          4    None
 Petrify                  Tmut/Erth      #####...     5%          4    None
 Beastly Appendage        Tmut           ##....       6%          1    None
 Confusing Touch          Hex            ##....       6%          1    None
 Sticky Flame             Conj/Fire      #####...     6%          4    None
 Inner Flame              Hex/Fire       ###.....     8%          3    None
 Bolt of Magma            Conj/Fire/Erth ######....   8%          5    ####...
 Slow                     Hex            ##......     9%          2    None
 Sticks to Snakes         Tmut           ##......     9%          2    None
 Death Channel            Necr           ######....   10%         6    #####..
 Gell's Gravitas          Tloc           ###.......   12%         3    None
 Lesser Beckoning         Tloc           ###.......   12%         3    None
 Force Lance              Conj/Tloc      ####....     13%         4    None
 Summon Ice Beast         Ice/Summ       ####....     14%         4    None
 Fulminant Prism          Conj/Hex       ####......   16%         4    None
 Confuse                  Hex            ##......     17%         3    None
 Tukima's Dance           Hex            ##......     17%         3    None
 Ice Form                 Ice/Tmut       ####....     17%         4    None
 Fireball                 Conj/Fire      #####.....   19%         5    ####...
 Iron Shot                Conj/Erth      ######....   22%         6    #####..
 Simulacrum               Ice/Necr       ######....   26%         6    #####..
 Alistair's Intoxication  Tmut/Pois      ####....     30%         5    ####...
 Metabolic Englaciation   Hex/Ice        ####......   43%         5    ####...
 Statue Form              Tmut/Erth      #####....    63%         6    #####..
 Blade Hands              Tmut           ##........   85%         5    ####...
 Yara's Violent Unravell  Hex/Tmut       ##........   85%         5    ####...
 Haunt                    Necr/Summ      #####.....   99%         7    #######
 Borgnjor's Revivificati  Necr           ######....   99%         8    #######
 Infestation              Necr           ######....   99%         8    #######
 Invisibility             Hex            ##......     100%        6    #####..
 Death's Door             Chrm/Necr      ######....   100%        8    #######
 Necromutation            Tmut/Necr      #####.....   100%        8    #######
 Shatter                  Erth           ######....   100%        9    #######
 Blink                    Tloc           Unusable     N/A         2    N/A

Dungeon Overview and Level Annotations

Branches:
Dungeon (15/15)            Temple (1/1) D:5            Lair (6/6) D:10
  Swamp (0/4) Lair:4       Spider (4/4) Lair:3        Slime (0/5) Lair:5
    Orc (2/2) D:12            Elf (0/3) Orc:2        Vaults (0/5) D:14
 Depths (0/5) D:15

Altars:
Ashenzari
Cheibriados
Dithmenos
Elyvilon
Fedhas
Gozag
Hepliaklqana
Kikubaaqudgha
Makhleb
Nemelex Xobeh
Okawaru
Qazlal
Ru
Sif Muna
Trog
Uskayaw
Vehumet
Wu Jian
Xom
Yredelemnul
Zin
The Shining One

Shops:
Orc:1 [   Orc:2 !!*[


Innate Abilities, Weirdness & Mutations

You cannot be hasted, slowed, berserked, paralysed or teleported.
You can dig through walls and to a lower floor.
Your four strong arms can wield two-handed weapons with a shield.
You have a pair of large antennae on your head. (SInv)
You have sharp fingernails.
You have large cloven feet.
You are resistant to hostile enchantments. (MR+)


Message History

The moth of wrath misses you. The tarantella bites you!
The jumping spider pounces on you! The jumping spider barely misses you.
The moth of wrath bites you but does no damage.
The zombie hands constrict the jumping spider!
The zombie hands release their grip on the jumping spider.
The tarantella misses you.
The jumping spider rages.
You miss the tarantella. You hit the tarantella.
Your skin is crawling a little less now.
The tarantella bites you.
You are more confused.
You bump into the rock wall.
The tarantella bites you!
You are more confused.
The moth of wrath bites you!
You die...
Your body crumbles into a pile of gold.

## {{ #^#
^.# ^# ##
..# #s.# ..
#.###..#.#..
#...#$.#.s.
...
#^...s###.#
.#
#.sy#.##..#
###@?..#..#
##.#.^..#
##....##
##..#...# {
{ #..######
##......#
###......#
#...######
#......#


You could see a moth of wrath, a tarantella (berserk) and a redback.

Vanquished Creatures
  Mara (Spider:3)
  Roxanne (Spider:3)
  3 ghost moths
  An emperor scorpion (Spider:1)
  Snorg (Lair:5)
  A fire dragon (D:15)
  An ice dragon (D:15)
  3 vault guards (D:14)
  6 hydras
  Harold (D:7)
  3 centaur warriors
  A catoblepas (D:13)
  2 death knights (D:13)
  5 death yaks
  5 ogre magi
  A tengu warrior (D:14)
  21 two-headed ogres
  Urug (Lair:3)
  Sonja (Orc:2)
  6 skeletal warriors (D:13)
  5 slime creatures
  2 unseen horrors
  A wolf spider zombie (D:13)
  6 orc knights
  9 orb spiders
  15 wolf spiders
  A lindwurm (Lair:6)
  2 deep elf magi
  2 oklob plants
  3 orc sorcerers
  10 ugly things (D:15)
  2 manticores
  A cyclops (D:14)
  Maurice (Orc:1)
  6 black mambas
  2 ice statues (IceCv)
  A gargoyle (D:11)
  12 spiny frogs
  A torpor snail (Spider:3)
  3 kobold demonologists
  12 demonic crawlers
  An efreet (D:14)
  5 freezing wraiths
  7 komodo dragons
  A death yak zombie (Lair:3)
  9 ice devils (IceCv)
  A death yak skeleton (Lair:4)
  A yaktaur (shapeshifter) (D:15)
  A tengu conjurer (D:10)
  3 meliai (Spider:2)
  A catoblepas skeleton (Lair:5)
  The ghost of DorianNounverber the Thaumaturge, a novice DEWz of Vehumet (D:5)
  5 trolls
  4 polar bears (Lair:6)
  12 hornets
  19 jumping spiders
  6 blink frogs
  4 bog bodies (Lair:4)
  8 hippogriffs
  2 dream sheep (Lair:6)
  A hydra skeleton (Lair:4)
  33 redbacks
  3 wraiths
  2 water elementals (D:15)
  3 shadows
  24 yaks
  13 spriggans (Lair:6)
  A wyvern (D:11)
  16 tarantellas
  2 black mamba skeletons
  Eustachio (D:4)
  A hungry ghost (D:13)
  6 basilisks
  4 vampire mosquitoes
  2 wargs (Orc:2)
  A soldier ant (D:15)
  2 spiny frog zombies
  8 water moccasins
  21 orc warriors
  4 porcupines
  2 spiny frog skeletons
  An ice beast (D:13)
  3 sky beasts
  A dream sheep zombie (Lair:5)
  A lindwurm zombie (Lair:6)
  5 black bears
  An eye of draining (D:9)
  3 necrophages
  34 ogres
  3 boggarts (Lair:6)
  6 phantoms
  18 wolves (Lair:6)
  10 centaurs
  2 rime drake zombies (Lair:3)
  15 crocodiles
  5 big kobolds
  A hippogriff zombie (Lair:6)
  2 blink frog skeletons (Lair:6)
  A wyvern zombie (D:9)
  16 bullfrogs
  A gnoll sergeant (D:7)
  13 rime drake skeletons
  3 komodo dragon skeletons
  3 water moccasin zombies (Lair:6)
  6 scorpions
  A water moccasin skeleton (Lair:6)
  11 killer bees
  7 wights
  2 polar bear skeletons
  2 yak skeletons (IceCv)
  4 electric eels
  9 crimson imps
  A bullfrog zombie (D:8)
  11 orc priests
  8 hounds
  3 bullfrog skeletons
  5 centaur skeletons
  2 jellies
  14 orc wizards
  Crazy Yiuf (D:4)
  A black bear skeleton (Lair:5)
  4 iguanas
  A porcupine zombie (Lair:5)
  6 worker ants
  4 porcupine skeletons
  3 crocodile zombies
  3 crocodile skeletons (Lair:5)
  4 worker ant zombies
  15 adders
  8 gnolls
  A shadow imp (D:5)
  5 white imps (IceCv)
  6 ufetubi (IceCv)
  An ooze (D:6)
  2 adder skeletons
  3 worms
  2 dart slugs
  7 leopard geckos
  76 orcs
  A giant cockroach (D:1)
  5 goblins
  11 hobgoblins
  12 jackals
  7 quokkas
  3 ball pythons
  11 bats
  3 frilled lizards
  29 kobolds
  13 rats
  2 bushes (Lair:3)
  3 fungi
  5 plants
895 creatures vanquished.

Vanquished Creatures (collateral kills)
  A redback (Spider:3)
1 creature vanquished.

Vanquished Creatures (others)
  A reaper (IceCv)
  An electric eel (Lair:3)
  7 white imps (IceCv)
  3 ufetubi (IceCv)
  13 fungi
  7 plants
32 creatures vanquished.

Grand Total: 928 creatures vanquished

Notes
Turn   | Place    | Note
-------+----------+-------------------------------------------
     0 | D:1      | DildoBatman the Formicid Wizard began the quest for the
                  | Orb.
     0 | D:1      | Reached XP level 1. HP: 13/13 MP: 4/4
    67 | D:1      | Reached skill level 1 in Conjurations
   290 | D:1      | Reached XP level 2. HP: 19/19 MP: 0/6
   880 | D:1      | Reached XP level 3. HP: 19/24 MP: 0/7
  1073 | D:2      | Found a hide-covered altar of Uskayaw.
  1116 | D:2      | Noticed an ogre
  1727 | D:2      | Reached XP level 4. HP: 26/30 MP: 4/8
  2426 | D:1      | Learned a level 3 spell: Conjure Flame
  2430 | D:1      | Learned a level 3 spell: Mephitic Cloud
  2598 | D:2      | Killed an ogre
  2598 | D:2      | Reached XP level 5. HP: 35/35 MP: 2/9
  2639 | D:3      | Found a burning altar of Makhleb.
  2720 | D:3      | Reached XP level 6. HP: 25/41 MP: 6/10
  2738 | D:3      | Reached skill level 5 in Conjurations
  2907 | D:3      | Found a white marble altar of Elyvilon.
  2910 | D:3      | Found an ancient bone altar of Kikubaaqudgha.
  2914 | D:3      | Became a worshipper of Kikubaaqudgha
  3316 | D:3      | Found an iron altar of Okawaru.
  3329 | D:3      | Found a glowing golden altar of the Shining One.
  3760 | D:4      | Noticed an orc warrior
  3783 | D:4      | Killed an orc warrior
  3783 | D:4      | Reached XP level 7. HP: 45/46 MP: 1/11
  3847 | D:4      | Noticed Eustachio
  3940 | D:4      | Killed Eustachio
  3940 | D:4      | Reached skill level 1 in Fire Magic
  3940 | D:4      | Reached skill level 1 in Poison Magic
  4179 | D:4      | Reached * piety under Kikubaaqudgha
  4179 | D:4      | Identified Kikubaaqudgha's Handbook of Evil Secrets
                  | (Kikubaaqudgha gifted it to you on level 4 of the Dungeon)
  4179 | D:4      | Received a gift from Kikubaaqudgha
  4179 | D:4      | Reached skill level 1 in Air Magic
  4185 | D:4      | Learned a level 3 spell: Regeneration
  4188 | D:4      | Learned a level 2 spell: Sublimation of Blood
  4225 | D:4      | Got a coiled crystal amulet
  4284 | D:4      | Reached XP level 8. HP: 21/52 MP: 0/14
  4415 | D:4      | Found a runed translucent door.
  4416 | D:4      | Noticed Crazy Yiuf
  4436 | D:4      | Killed Crazy Yiuf
  4596 | D:4      | Identified the amulet of Neif Lapp {Spirit Int+3} (You
                  | found it on level 4 of the Dungeon)
  4720 | D:5      | Entered Level 5 of the Dungeon
  5125 | D:5      | Got an ancient long sword
  5126 | D:5      | Identified the cursed +3 long sword "Xeblisk" {slice, +Inv
                  | Int+2} (You found it on level 5 of the Dungeon)
  5146 | D:5      | Found a staircase to the Ecumenical Temple.
  5156 | Temple   | Entered the Ecumenical Temple
  5301 | D:5      | Noticed a two-headed ogre
  5326 | D:5      | Killed a two-headed ogre
  5326 | D:5      | Reached skill level 5 in Poison Magic
  5326 | D:5      | Reached XP level 9. HP: 43/57 MP: 3/15
  5482 | D:5      | Identified the +9 great mace of Ymalurch {crush, Str+2}
  5483 | D:5      | Noticed DorianNounverber's ghost (novice DEWz)
  5484 | D:5      | Found a transporter.
  5491 | D:5      | Found a transporter.
  5888 | D:6      | Got a warped rapier
  5891 | D:6      | Identified the +7 rapier of Teqoyts {pierce, rF+} (You
                  | found it on level 6 of the Dungeon)
  5966 | D:5      | Reached skill level 1 in Armour
  5984 | D:6      | Reached ** piety under Kikubaaqudgha
  6022 | D:6      | Reached skill level 1 in Fighting
  6032 | D:6      | Reached skill level 1 in Evocations
  6103 | D:6      | Reached skill level 1 in Necromancy
  6167 | D:6      | Noticed a two-headed ogre
  6197 | D:6      | Killed a two-headed ogre
  6197 | D:6      | Reached skill level 1 in Short Blades
  6197 | D:6      | Reached skill level 1 in Charms
  6197 | D:6      | Reached XP level 10. HP: 57/67 MP: 10/16
  6809 | D:7      | Noticed Harold
  6857 | D:7      | Killed Harold
  7505 | D:7      | Reached skill level 5 in Spellcasting
  7550 | D:8      | Noticed a two-headed ogre
  7624 | D:7      | Killed a two-headed ogre
  7624 | D:7      | Reached skill level 5 in Stealth
  7676 | D:8      | Reached *** piety under Kikubaaqudgha
  7676 | D:8      | Identified Kikubaaqudgha's Reference Book on Dark Secrets
                  | (Kikubaaqudgha gifted it to you on level 8 of the Dungeon)
  7676 | D:8      | Received a gift from Kikubaaqudgha
  7963 | D:8      | Reached XP level 11. HP: 72/75 MP: 14/18
  8487 | D:9      | Found a shattered altar of Ashenzari.
  8489 | D:9      | Found a glowing silver altar of Zin.
  8494 | D:9      | Found a basalt altar of Yredelemnul.
  8608 | D:9      | Reached **** piety under Kikubaaqudgha
  8769 | D:9      | Found a hazy altar of Hepliaklqana.
  8801 | D:10     | Entered Level 10 of the Dungeon
  8811 | D:10     | Learned a level 5 spell: Dispel Undead
  8984 | D:10     | Noticed an oklob plant
  8987 | D:10     | Found a staircase to the Lair.
  9016 | D:10     | Reached skill level 1 in Shields
 10702 | D:5      | Killed DorianNounverber's ghost
 10889 | D:10     | Killed an oklob plant
 10889 | D:10     | Reached skill level 5 in Fighting
 11028 | D:12     | Reached skill level 5 in Armour
 11110 | D:12     | Reached skill level 5 in Evocations
 11111 | D:12     | Reached skill level 1 in Maces & Flails
 11214 | D:12     | Reached ***** piety under Kikubaaqudgha
 11214 | D:12     | Reached XP level 12. HP: 84/85 MP: 9/20
 11381 | D:12     | Found a staircase to the Orcish Mines.
 11437 | D:12     | Reached skill level 5 in Necromancy
 12084 | Orc:1    | Entered Level 1 of the Orcish Mines
 12398 | Orc:2    | Entered Level 2 of the Orcish Mines
 12398 | Orc:2    | Noticed a two-headed ogre
 12398 | Orc:2    | Noticed a two-headed ogre
 12412 | Orc:2    | Noticed an ogre mage
 12422 | Orc:2    | Killed a two-headed ogre
 12427 | Orc:2    | Killed an ogre mage
 12447 | Orc:2    | Noticed a two-headed ogre
 12491 | Orc:2    | Noticed a two-headed ogre
 12491 | Orc:2    | Noticed a two-headed ogre
 12494 | Orc:2    | Noticed a two-headed ogre
 12494 | Orc:2    | Noticed a two-headed ogre
 12494 | Orc:2    | Noticed an ogre mage
 12494 | Orc:2    | Noticed a two-headed ogre
 12501 | Orc:1    | Killed a two-headed ogre
 12501 | Orc:1    | Reached skill level 5 in Maces & Flails
 12565 | Orc:1    | Killed a two-headed ogre
 12601 | Orc:2    | Noticed a two-headed ogre
 12601 | Orc:2    | Noticed a two-headed ogre
 12601 | Orc:2    | Noticed a two-headed ogre
 12601 | Orc:2    | Noticed an ogre mage
 12601 | Orc:2    | Noticed a two-headed ogre
 12601 | Orc:2    | Noticed an ogre mage
 12601 | Orc:2    | Noticed a two-headed ogre
 12601 | Orc:2    | Noticed a two-headed ogre
 12617 | Orc:1    | Killed a two-headed ogre
 12619 | Orc:1    | Killed an ogre mage
 12629 | Orc:1    | Learned a level 5 spell: Borgnjor's Vile Clutch
 12643 | Orc:1    | Killed a two-headed ogre
 12730 | Orc:2    | Noticed a two-headed ogre
 12730 | Orc:2    | Noticed a two-headed ogre
 12759 | Orc:2    | Killed a two-headed ogre
 12759 | Orc:2    | Reached skill level 1 in Earth Magic
 12773 | Orc:2    | Killed an ogre mage
 12773 | Orc:2    | Reached XP level 13. HP: 62/90 MP: 11/22
 12873 | Orc:2    | Reached skill level 5 in Earth Magic
 12928 | Orc:2    | Noticed Sonja
 12944 | Orc:2    | Killed Sonja
 12973 | Orc:2    | Learned a level 3 spell: Ozocubu's Armour
 13102 | Orc:2    | Reached skill level 1 in Ice Magic
 13192 | Orc:2    | Found a staircase to the Elven Halls.
 13347 | Orc:2    | Found Sumem's General Store.
 13347 | Orc:2    | Found Geatal's Antique Armour Shop.
 13348 | Orc:2    | Found Myegoen's Distillery.
 13348 | Orc:2    | Found Xiunokk's Distillery.
 13384 | Orc:2    | Bought a potion of mutation for 136 gold pieces
 13384 | Orc:2    | Bought a potion of degeneration for 17 gold pieces
 13521 | Orc:1    | Found Kokhleleo's Antique Armour Boutique.
 13529 | Orc:1    | Noticed Maurice
 13590 | Orc:1    | Killed Maurice
 13968 | Lair:1   | Entered Level 1 of the Lair of Beasts
 14491 | Lair:1   | Found the +5 pair of quick blades "Gyre" and "Gimble"
                  | {pierce, Dex-3}
 14912 | Lair:2   | Reached XP level 14. HP: 90/98 MP: 17/26
 14972 | Lair:2   | Got a polished halberd
 14973 | Lair:2   | Identified the cursed +0 halberd "Sumni" {chop, rElec} (You
                  | found it on level 2 of the Lair of Beasts)
 15032 | Lair:2   | Reached ****** piety under Kikubaaqudgha
 15033 | Lair:2   | Received a gift from Kikubaaqudgha
 15216 | Temple   | Fell from the grace of Kikubaaqudgha
 15216 | Temple   | Became a worshipper of Gozag Ym Sagoz the Greedy
 15447 | Orc:1    | Bought a shield for 112 gold pieces
 15476 | Orc:2    | Bought a potion of agility for 44 gold pieces
 15476 | Orc:2    | Bought a potion of ambrosia for 88 gold pieces
 15476 | Orc:2    | Bought a potion of magic for 88 gold pieces
 15476 | Orc:2    | Bought a potion of might for 44 gold pieces
 15476 | Orc:2    | Bought a potion of curing for 33 gold pieces
 15476 | Orc:2    | Bought a potion of brilliance for 44 gold pieces
 15476 | Orc:2    | Bought a potion of heal wounds for 55 gold pieces
 15497 | Orc:2    | Gained mutation: You expend magic power (3 MP) to
                  | strengthen your wands. [potion of mutation]
 15497 | Orc:2    | Gained mutation: You are partially covered in molten
                  | scales. (AC +2) [potion of mutation]
 15497 | Orc:2    | Gained mutation: You are resistant to electric shocks.
                  | (rElec) [potion of mutation]
 15498 | Orc:2    | Lost mutation: You expend magic power (3 MP) to strengthen
                  | your wands. [potion of mutation]
 15498 | Orc:2    | Lost mutation: You are resistant to electric shocks.
                  | (rElec) [potion of mutation]
 15498 | Orc:2    | Gained mutation: You are weak. (Str -2) [potion of
                  | mutation]
 15498 | Orc:2    | Gained mutation: You are partially covered in icy blue
                  | scales. (AC +2) [potion of mutation]
 15498 | Orc:2    | Gained mutation: You have sharp toenails. [potion of
                  | mutation]
 15499 | Orc:2    | Lost mutation: You are partially covered in molten scales.
                  | (AC +2) [potion of mutation]
 15499 | Orc:2    | Gained mutation: You have razor-sharp toenails. [potion of
                  | mutation]
 15499 | Orc:2    | Gained mutation: You are frail. (-10% HP) [potion of
                  | mutation]
 15499 | Orc:2    | Lost mutation: You are weak. (Str -2) [potion of mutation]
 15713 | Lair:2   | Reached skill level 5 in Charms
 16247 | Lair:3   | Noticed Urug
 16274 | Lair:3   | Noticed a reaper
 16357 | Lair:3   | Killed Urug
 16409 | Lair:3   | Reached skill level 5 in Shields
 17244 | Lair:3   | Found a hole to the Spider Nest.
 17254 | Lair:3   | Reached skill level 5 in Short Blades
 17358 | Lair:4   | Noticed a reaper
 17497 | Lair:4   | Found a frozen archway.
 17622 | IceCv    | Entered an ice cave
 17833 | IceCv    | Killed a reaper
 18937 | Lair:4   | Reached skill level 5 in Dodging
 18941 | Lair:4   | Found a staircase to the Swamp.
 19248 | Lair:5   | Found a staircase to the Slime Pits.
 19266 | Lair:5   | Noticed Snorg
 19278 | Lair:5   | Killed Snorg
 19747 | Lair:6   | Entered Level 6 of the Lair of Beasts
 20422 | Lair:5   | Reached XP level 15. HP: 57/95 MP: 14/27
 20749 | Lair:5   | Reached skill level 5 in Ice Magic
 20943 | Lair:6   | Got a heavily runed ring mail
 20953 | Lair:6   | Was forgiven by Kikubaaqudgha
 20981 | Lair:6   | Identified the +5 ring mail of Gerifyu {rC+ MR+ Str-4
                  | Dex+3} (You found it on level 6 of the Lair of Beasts)
 21630 | Lair:6   | Identified the +3 quarterstaff of the Sky {pain, Str-2
                  | Int+7}
 21782 | Lair:6   | Got a faintly glowing copper ring
 21788 | Lair:6   | Identified the ring of the Countless Stars {rC+ Dex+6
                  | Slay+6} (You found it on level 6 of the Lair of Beasts)
 22562 | Orc:2    | Bought a potion of curing for 51 gold pieces
 22562 | Orc:2    | Bought a potion of curing for 51 gold pieces
 22562 | Orc:2    | Bought a potion of cancellation for 136 gold pieces
 22562 | Orc:2    | Bought a potion of might for 68 gold pieces
 22562 | Orc:2    | Bought a potion of curing for 51 gold pieces
 22562 | Orc:2    | Bought a potion of curing for 51 gold pieces
 22562 | Orc:2    | Bought a potion of heal wounds for 85 gold pieces
 23951 | D:14     | Reached XP level 16. HP: 89/104 MP: 18/28
 24644 | D:14     | Found a gate to the Vaults.
 24707 | D:14     | Found a white marble altar of Elyvilon.
 24838 | D:14     | Lost mutation: You have razor-sharp toenails. [potion of
                  | mutation]
 24838 | D:14     | Lost mutation: You are frail. (-10% HP) [potion of
                  | mutation]
 24838 | D:14     | Lost mutation: You have sharp toenails. [potion of
                  | mutation]
 24838 | D:14     | Gained mutation: You possess an exceptional clarity of
                  | mind. [potion of mutation]
 24838 | D:14     | Gained mutation: You evolve. [potion of mutation]
 24847 | D:15     | Entered Level 15 of the Dungeon
 25757 | D:15     | Found a staircase to the Depths.
 26182 | Spider:1 | Entered Level 1 of the Spider Nest
 26310 | Spider:1 | Lost mutation: You evolve. [evolution]
 26343 | Spider:1 | Reached skill level 10 in Earth Magic
 26488 | D:10     | Lost mutation: You possess an exceptional clarity of mind.
                  | [potion of mutation]
 26488 | D:10     | Lost mutation: You are partially covered in icy blue
                  | scales. (AC +2) [potion of mutation]
 26488 | D:10     | Gained mutation: Armour fits poorly on your strangely
                  | shaped body. [potion of mutation]
 26488 | D:10     | Gained mutation: You are clumsy. (Dex -2) [potion of
                  | mutation]
 26488 | D:10     | Gained mutation: Your muscles are strong. (Str +2) [potion
                  | of mutation]
 26488 | D:10     | Gained mutation: You have sharp fingernails. [potion of
                  | mutation]
 26489 | D:10     | Lost mutation: You are clumsy. (Dex -2) [potion of
                  | mutation]
 26489 | D:10     | Lost mutation: Your muscles are strong. (Str +2) [potion of
                  | mutation]
 26489 | D:10     | Lost mutation: Armour fits poorly on your strangely shaped
                  | body. [potion of mutation]
 26489 | D:10     | Gained mutation: You have large cloven feet. [potion of
                  | mutation]
 26489 | D:10     | Gained mutation: You are resistant to hostile enchantments.
                  | (MR+) [potion of mutation]
 26704 | Spider:1 | Reached skill level 10 in Necromancy
 26965 | Spider:1 | Reached XP level 17. HP: 125/125 MP: 22/30
 27726 | Spider:2 | Reached skill level 10 in Armour
 27801 | Spider:2 | Reached skill level 10 in Fighting
 28233 | Spider:3 | Noticed Mara
 28243 | Spider:3 | Killed Mara
 28243 | Spider:3 | Reached skill level 10 in Spellcasting
 28583 | Spider:3 | Identified Roxanne's Guide on Changing
 28583 | Spider:3 | Noticed Roxanne
 28614 | Spider:3 | Killed Roxanne
 28807 | Spider:3 | Got a clouded platinum ring
 28809 | Spider:3 | Identified the ring "Qof Zihu" {+Inv rC++ rN+} (You found
                  | it on level 3 of the Spider Nest)
 29194 | Spider:3 | Got a steaming halberd
 29287 | Spider:4 | Entered Level 4 of the Spider Nest
 29409 | Spider:4 | Mangled by a moth of wrath

Skill      XL: |  1  2  3  4  5  6  7  8  9 10 11 12 13 14 15 16 17 |
---------------+----------------------------------------------------+-----
Conjurations   | 1 2 3 4 6 |  6.4
Fire Magic     | 2 4 |  4.1
Poison Magic   | 2 5 6 7 8 |  8.0
Air Magic      | 1 3 4 |  4.0
Spellcasting   | 4 5 6 8 9 10 | 10.6
Long Blades    | 2 3 |  3.0
Armour         | 1 3 5 7 8 9 10 | 10.0
Dodging        | 2 3 5 6 7 8 |  8.1
Fighting       | 1 3 5 7 8 9 10 | 10.0
Evocations     | 1 3 5 6 |  6.0
Stealth        | 3 5 6 |  6.0
Necromancy     | 1 3 4 8 9 10 11 | 11.0
Short Blades   | 1 3 4 6 7 |  7.7
Charms         | 1 3 4 6 |  6.0
Shields        | 3 4 6 8 9 |  9.0
Maces & Flails | 1 5 |  5.1
Earth Magic    | 2 8 9 10 11 | 11.5
Ice Magic      | 2 4 6 |  6.0
Summonings     | |  1.0
Translocations | |  0.8

Action                   |  1- 3 |  4- 6 |  7- 9 | 10-12 | 13-15 | 16-18 || total
-------------------------+-------+-------+-------+-------+-------+-------++-------
Melee: Short sword       |    28 |       |       |       |       |       ||    28
       Dagger            |     3 |    94 |    27 |       |       |       ||   124
       Rapier            |       |       |    86 |   349 |       |     6 ||   441
       Long sword        |       |       |    34 |       |       |       ||    34
       Great mace        |       |       |       |   190 |   117 |       ||   307
       Pair of quick bla |       |       |       |       |  1022 |   578 ||  1600
 Fire: Hunting sling     |     1 |       |       |    32 |       |       ||    33
Throw: Stone             |     1 |       |     1 |       |       |       ||     2
 Cast: Magic Dart        |    91 |    37 |    66 |    76 |    14 |       ||   284
       Mephitic Cloud    |       |     4 |    10 |    74 |    77 |    47 ||   212
       Conjure Flame     |       |     2 |     7 |    45 |    39 |     4 ||    97
       Dispel Undead     |       |       |       |     1 |    12 |     5 ||    18
       Sublimation of Bl |       |       |       |     2 |    29 |     9 ||    40
       Regeneration      |       |       |       |     1 |    51 |    16 ||    68
       Borgnjor's Vile C |       |       |       |       |    85 |    36 ||   121
       Ozocubu's Armour  |       |       |       |       |     4 |     2 ||     6
Invok: Receive Necronomi |       |       |       |       |     1 |       ||     1
 Abil: Dig               |     3 |     4 |     1 |    28 |    37 |    10 ||    83
Evoke: Wand              |       |       |       |     2 |     4 |     1 ||     7
  Use: Scroll            |       |     4 |     1 |     1 |    17 |       ||    23
       Potion            |       |       |       |       |     5 |     3 ||     8
 Stab: Sleeping          |     1 |     2 |     2 |     9 |    12 |     7 ||    33
       Confused          |       |       |     3 |    31 |    69 |    47 ||   150
       Distracted        |       |       |     1 |       |     2 |     1 ||     4
  Eat: Chunk             |     3 |     7 |     9 |    30 |    12 |       ||    61
       Ration            |       |       |       |       |    18 |     7 ||    25
Armor: Robe              |    16 |     8 |    41 |    37 |       |       ||   102
       Leather armour    |       |       |       |    50 |     2 |       ||    52
       Troll leather arm |       |       |       |       |   236 |   112 ||   348
Dodge: Dodged            |    33 |    60 |   143 |   325 |   372 |   216 ||  1149
Block: Buckler           |       |       |       |    40 |    30 |       ||    70
       Shield            |       |       |       |       |   297 |   202 ||   499
       Large shield      |       |       |       |       |     8 |       ||     8
       Rpst.: Long sword |       |       |     8 |       |       |       ||     8
